TOP OF THE 1ST |
Detroit (WIN) Tigers batting - Pitching for Kansas City (WIN) Royals : RHP Tim Tucker
|
Pitching: RHP Tim Tucker
|
|
Batting: LHB Bill Ford
|
0-0: Ball 1-0: Ground out 6-3 (Groundball, 6M, EV 87.5 MPH)
|
Batting: RHB Keith Hoffman
|
0-0: Ground out 4-3 (Groundball, 4, EV 90.0 MPH)
|
Batting: SHB Adam Weber
|
0-0: Ball 1-0: SINGLE (Line Drive, 8LS, EV 88.8 MPH)
|
Batting: RHB J.J. Basil
|
0-0: Hit by Pitch Adam Weber to second
|
Batting: LHB Dave Carlisle
|
0-0: Ball 1-0: Swinging Strike 1-1: Ball 2-1: Ball 3-1: Foul Ball, location: 2F 3-2: Foul Ball, location: 2F 3-2: Strikes out swinging
|
Top of the 1st over - 0 runs, 1 hit, 0 errors, 2 left on base; Detroit (WIN) 0 - Kansas City (WIN) 0 |
BOTTOM OF THE 1ST |
Kansas City (WIN) Royals batting - Pitching for Detroit (WIN) Tigers : RHP Caleb Franklin
|
Pitching: RHP Caleb Franklin
|
|
Batting: RHB Matt Belgard
|
0-0: SINGLE (Line Drive, 89S, EV 103.1 MPH)
|
Batting: LHB Pete Hansel
|
0-0: Called Strike 0-1: Fly out, F7 (Flyball, 7, EV 81.9 MPH)
|
Batting: LHB Robby Diaz
|
0-0: Called Strike 0-1: Called Strike 0-2: Strikes out swinging
|
Batting: RHB Walt Cogswell
|
0-0: Foul Ball, location: 2F 0-1: Ball 1-1: Ball Wild Pitch! Matt Belgard to second 2-1: Foul Ball, location: 2F 2-2: Foul Ball, location: 2F 2-2: Fly out, F7 (Flyball, 7LD, EV 93.8 MPH)
|
Bottom of the 1st over - 0 runs, 1 hit, 0 errors, 1 left on base; Detroit (WIN) 0 - Kansas City (WIN) 0 |
TOP OF THE 2ND |
Detroit (WIN) Tigers batting - Pitching for Kansas City (WIN) Royals : RHP Tim Tucker
|
Batting: RHB Dan Becvar
|
0-0: Called Strike 0-1: DOUBLE (Line Drive, 89XD, EV 100.6 MPH)
|
Batting: LHB George Moran
|
0-0: Ball 1-0: Ball 2-0: Ball 3-0: Base on Balls
|
Batting: RHB Tanner Purchase
|
0-0: Fielders Choice at 2nd, 1-6 (Groundball, 13S, EV 60.0 MPH) Dan Becvar to third
|
Batting: RHB Norm Wood
|
0-0: Ball 1-0: Called Strike Tanner Purchase steals 2nd base 1-1: Ground out 4-3 (Groundball, 4S, EV 73.8 MPH) Dan Becvar scores Tanner Purchase to third
|
Batting: LHB Bill Ford
|
0-0: Ball 1-0: Called Strike 1-1: Foul Ball, location: 2F 1-2: SINGLE (Line Drive, 8LS, EV 108.1 MPH) Tanner Purchase scores
|
Batting: RHB Keith Hoffman
|
0-0: Ball 1-0: Foul Ball, location: 2F 1-1: Foul Ball, location: 2F 1-2: Ball 2-2: Foul Ball, location: 2F 2-2: Strikes out swinging
|
Top of the 2nd over - 2 runs, 2 hits, 0 errors, 1 left on base; Detroit (WIN) 2 - Kansas City (WIN) 0 |
BOTTOM OF THE 2ND |
Kansas City (WIN) Royals batting - Pitching for Detroit (WIN) Tigers : RHP Caleb Franklin
|
Batting: RHB Taisei Fujii
|
0-0: Called Strike 0-1: Swinging Strike 0-2: Foul Ball, location: 2F 0-2: Ball 1-2: Ball 2-2: Ground out 4-3 (Groundball, 34D, EV 96.9 MPH)
|
Batting: RHB Ken Postlethwaite
|
0-0: Ball 1-0: Ball 2-0: Foul Ball, location: 2F 2-1: Ground out 6-3 (Groundball, 56, EV 100.6 MPH)
|
Batting: RHB Alex Cid
|
0-0: Called Strike 0-1: Ground out 5-3 (Groundball, 5, EV 82.5 MPH)
|
Bottom of the 2nd over - 0 runs, 0 hits, 0 errors, 0 left on base; Detroit (WIN) 2 - Kansas City (WIN) 0 |
TOP OF THE 3RD |
Detroit (WIN) Tigers batting - Pitching for Kansas City (WIN) Royals : RHP Tim Tucker
|
Batting: SHB Adam Weber
|
0-0: Foul Ball, location: 2F 0-1: Ball 1-1: Ground out U3 (Groundball, 3, EV 102.5 MPH)
|
Batting: RHB J.J. Basil
|
0-0: Ground out 3-1 (Groundball, 34, EV 78.1 MPH)
|
Batting: LHB Dave Carlisle
|
0-0: Ball 1-0: Called Strike 1-1: Fly out, F8 (Flyball, 8LXD, EV 103.1 MPH)
|
Top of the 3rd over - 0 runs, 0 hits, 0 errors, 0 left on base; Detroit (WIN) 2 - Kansas City (WIN) 0 |
BOTTOM OF THE 3RD |
Kansas City (WIN) Royals batting - Pitching for Detroit (WIN) Tigers : RHP Caleb Franklin
|
Batting: RHB Kevin Roseen
|
0-0: Ball 1-0: Ball 2-0: Swinging Strike 2-1: Foul Ball, location: 2F 2-2: Strikes out swinging
|
Batting: SHB Ryoji Hiraoka
|
0-0: Ball 1-0: Swinging Strike 1-1: Swinging Strike 1-2: Foul Ball, location: 2F 1-2: Strikes out swinging
|
Batting: RHB Matt Belgard
|
0-0: Ball 1-0: Ball 2-0: Called Strike 2-1: Fly out, F7 (Line Drive, 78M, EV 101.9 MPH)
|
Bottom of the 3rd over - 0 runs, 0 hits, 0 errors, 0 left on base; Detroit (WIN) 2 - Kansas City (WIN) 0 |
TOP OF THE 4TH |
Detroit (WIN) Tigers batting - Pitching for Kansas City (WIN) Royals : RHP Tim Tucker
|
Batting: RHB Dan Becvar
|
0-0: Fly out, F8 (Flyball, 8RS, EV 76.9 MPH)
|
Batting: LHB George Moran
|
0-0: TRIPLE (Line Drive, 78XD, EV 103.8 MPH)
|
Batting: RHB Tanner Purchase
|
0-0: Ball 1-0: Ball 2-0: Swinging Strike 2-1: Ball 3-1: Base on Balls
|
Batting: RHB Norm Wood
|
0-0: Ball 1-0: Swinging Strike 1-1: Ball Tanner Purchase steals 2nd base 2-1: Called Strike 2-2: Strikes out swinging
|
Batting: LHB Bill Ford
|
0-0: Ball 1-0: Swinging Strike 1-1: Ball 2-1: Ball 3-1: Base on Balls
|
Batting: RHB Keith Hoffman
|
0-0: Called Strike 0-1: Ball 1-1: Foul Ball, location: 2F 1-2: Ground out 5-3 (Groundball, 56S, EV 93.8 MPH)
|
Top of the 4th over - 0 runs, 1 hit, 0 errors, 3 left on base; Detroit (WIN) 2 - Kansas City (WIN) 0 |
BOTTOM OF THE 4TH |
Kansas City (WIN) Royals batting - Pitching for Detroit (WIN) Tigers : RHP Caleb Franklin
|
Batting: LHB Pete Hansel
|
0-0: Ball 1-0: SINGLE (Groundball, 4MD, EV 103.1 MPH)
|
Batting: LHB Robby Diaz
|
0-0: Swinging Strike 0-1: Ball 1-1: Called Strike 1-2: Foul Ball, location: 2F 1-2: Foul Ball, location: 2F 1-2: Fly out, F7 (Flyball, 7, EV 80.0 MPH)
|
Batting: RHB Walt Cogswell
|
0-0: Called Strike 0-1: Called Strike Pete Hansel steals 2nd base (no throw) 0-2: Ball 1-2: Fly out, F9 (Flyball, 89S, EV 72.5 MPH)
|
Batting: RHB Taisei Fujii
|
0-0: Swinging Strike 0-1: Ball 1-1: Ball 2-1: Ball 3-1: Called Strike 3-2: Fly out, F4 (Line Drive, 4M, EV 81.2 MPH)
|
Bottom of the 4th over - 0 runs, 1 hit, 0 errors, 1 left on base; Detroit (WIN) 2 - Kansas City (WIN) 0 |
TOP OF THE 5TH |
Detroit (WIN) Tigers batting - Pitching for Kansas City (WIN) Royals : RHP Tim Tucker
|
Batting: SHB Adam Weber
|
0-0: Called Strike 0-1: Ball 1-1: Fly out, F8 (Flyball, 8LD, EV 96.9 MPH)
|
Batting: RHB J.J. Basil
|
0-0: Ball 1-0: Ball 2-0: Called Strike 2-1: Ball 3-1: Base on Balls
|
Batting: LHB Dave Carlisle
|
0-0: Called Strike 0-1: Foul Ball, location: 2F 0-2: Foul Ball, location: 2F 0-2: Ball 1-2: Ball 2-2: DOUBLE (Flyball, 8RD, EV 90.0 MPH) J.J. Basil to third
|
Batting: RHB Dan Becvar
|
0-0: Ground out 4-3 (Groundball, 34D, EV 110.0 MPH) J.J. Basil scores Dave Carlisle to third
|
Batting: LHB George Moran
|
0-0: Called Strike 0-1: Ball 1-1: Fly out, F7 (Line Drive, 7LM, EV 90.6 MPH)
|
Top of the 5th over - 1 run, 1 hit, 0 errors, 1 left on base; Detroit (WIN) 3 - Kansas City (WIN) 0 |
BOTTOM OF THE 5TH |
Kansas City (WIN) Royals batting - Pitching for Detroit (WIN) Tigers : RHP Caleb Franklin
|
Batting: RHB Ken Postlethwaite
|
0-0: Called Strike 0-1: Foul Ball, location: 2F 0-2: Strikes out swinging
|
Batting: RHB Alex Cid
|
0-0: Foul Ball, location: 2F 0-1: Foul Ball, location: 2F 0-2: Ball 1-2: Ball 2-2: Fly out, F4 (Popup, 4D, EV 50.6 MPH)
|
Batting: RHB Kevin Roseen
|
0-0: Called Strike 0-1: Foul Ball, location: 2F 0-2: Foul Ball, location: 2F 0-2: Foul Ball, location: 2F 0-2: Ball 1-2: Ball 2-2: Ball 3-2: Ground out 4-3 (Groundball, 4, EV 83.8 MPH)
|
Bottom of the 5th over - 0 runs, 0 hits, 0 errors, 0 left on base; Detroit (WIN) 3 - Kansas City (WIN) 0 |
TOP OF THE 6TH |
Detroit (WIN) Tigers batting - Pitching for Kansas City (WIN) Royals : RHP Tim Tucker
|
Batting: RHB Tanner Purchase
|
0-0: Called Strike 0-1: Ball 1-1: Ball 2-1: Ball 3-1: Swinging Strike 3-2: Foul Ball, location: 2F 3-2: Strikes out swinging
|
Batting: RHB Norm Wood
|
0-0: Foul Ball, location: 2F 0-1: Fly out, F4 (Popup, 34, EV 61.2 MPH)
|
Batting: LHB Bill Ford
|
0-0: Foul Ball, location: 2F 0-1: Ball 1-1: Ball 2-1: Ball 3-1: DOUBLE (Line Drive, 89D, EV 106.2 MPH)
|
Batting: RHB Keith Hoffman
|
0-0: Foul Ball, location: 2F 0-1: Swinging Strike 0-2: Hit by Pitch
|
Batting: SHB Adam Weber
|
0-0: Ball 1-0: Ball 2-0: Called Strike 2-1: Foul Ball, location: 2F 2-2: Ball 3-2: Foul Ball, location: 2F 3-2: Strikes out swinging
|
Top of the 6th over - 0 runs, 1 hit, 0 errors, 2 left on base; Detroit (WIN) 3 - Kansas City (WIN) 0 |
BOTTOM OF THE 6TH |
Kansas City (WIN) Royals batting - Pitching for Detroit (WIN) Tigers : RHP Caleb Franklin
|
Batting: SHB Ryoji Hiraoka
|
0-0: Ball 1-0: Foul Ball, location: 2F 1-1: Ball 2-1: Foul Ball, location: 2F 2-2: Foul Ball, location: 2F 2-2: Foul Ball, location: 2F 2-2: Ground out U3 (Groundball, 34S, EV 72.5 MPH)
|
Batting: RHB Matt Belgard
|
0-0: Foul Ball, location: 2F 0-1: Fly out, F8 (Flyball, 89D, EV 98.8 MPH)
|
Batting: LHB Pete Hansel
|
0-0: Called Strike 0-1: Foul Ball, location: 2F 0-2: Ball 1-2: Fly out, F8 (Flyball, 8LD, EV 78.1 MPH)
|
Bottom of the 6th over - 0 runs, 0 hits, 0 errors, 0 left on base; Detroit (WIN) 3 - Kansas City (WIN) 0 |
TOP OF THE 7TH |
Detroit (WIN) Tigers batting - Pitching for Kansas City (WIN) Royals : RHP Tim Tucker
|
Batting: RHB J.J. Basil
|
0-0: Ball 1-0: Called Strike 1-1: Ball 2-1: Ball 3-1: Fly out, F8 (Flyball, 8LD, EV 91.2 MPH)
|
Batting: LHB Dave Carlisle
|
0-0: DOUBLE (Line Drive, 89D, EV 113.8 MPH)
|
Pitching: RHP Matt Slater
|
|
Batting: RHB Dan Becvar
|
0-0: Ball 1-0: Ball 2-0: Ball 3-0: Base on Balls
|
Batting: LHB George Moran
|
0-0: Fly out, F5 (Popup, 5D, EV 67.5 MPH)
|
Batting: RHB Tanner Purchase
|
0-0: Ball 1-0: Called Strike 1-1: Foul Ball, location: 2F 1-2: Ball 2-2: Strikes out swinging
|
Top of the 7th over - 0 runs, 1 hit, 0 errors, 2 left on base; Detroit (WIN) 3 - Kansas City (WIN) 0 |
BOTTOM OF THE 7TH |
Kansas City (WIN) Royals batting - Pitching for Detroit (WIN) Tigers : RHP Caleb Franklin
|
Batting: LHB Robby Diaz
|
0-0: Ball 1-0: Fly out, F9 (Line Drive, 89M, EV 86.9 MPH)
|
Batting: RHB Walt Cogswell
|
0-0: Ground out 6-3 (Groundball, 6S, EV 78.1 MPH)
|
Batting: RHB Taisei Fujii
|
0-0: Called Strike 0-1: Foul Ball, location: 2F 0-2: Foul Ball, location: 2F 0-2: Strikes out swinging, 2-3 out at first.
|
Bottom of the 7th over - 0 runs, 0 hits, 0 errors, 0 left on base; Detroit (WIN) 3 - Kansas City (WIN) 0 |
TOP OF THE 8TH |
Detroit (WIN) Tigers batting - Pitching for Kansas City (WIN) Royals : RHP Matt Slater
|
Batting: RHB Norm Wood
|
0-0: Ball 1-0: Called Strike 1-1: Swinging Strike 1-2: Foul Ball, location: 2F 1-2: Strikes out looking
|
Batting: LHB Bill Ford
|
0-0: Ball 1-0: Called Strike 1-1: Foul Ball, location: 2F 1-2: Ball 2-2: Ball 3-2: Strikes out swinging
|
Batting: RHB Keith Hoffman
|
0-0: Ball 1-0: Ball 2-0: Called Strike 2-1: Foul Ball, location: 2F 2-2: Strikes out swinging
|
Top of the 8th over - 0 runs, 0 hits, 0 errors, 0 left on base; Detroit (WIN) 3 - Kansas City (WIN) 0 |
BOTTOM OF THE 8TH |
Kansas City (WIN) Royals batting - Pitching for Detroit (WIN) Tigers : RHP Caleb Franklin
|
Pitching: RHP Chris Haselhorst
|
|
Batting: RHB Ken Postlethwaite
|
0-0: Fly out, F6 (Popup, 15, EV 73.8 MPH)
|
Batting: RHB Alex Cid
|
0-0: Ball 1-0: Called Strike 1-1: Swinging Strike 1-2: Strikes out swinging
|
Batting: RHB Kevin Roseen
|
0-0: Called Strike 0-1: Foul Ball, location: 2F 0-2: Fly out, F8 (Flyball, 89D, EV 88.8 MPH)
|
Bottom of the 8th over - 0 runs, 0 hits, 0 errors, 0 left on base; Detroit (WIN) 3 - Kansas City (WIN) 0 |
TOP OF THE 9TH |
Detroit (WIN) Tigers batting - Pitching for Kansas City (WIN) Royals : RHP Matt Slater
|
Batting: SHB Adam Weber
|
0-0: Fly out, F7 (Flyball, 7, EV 95.6 MPH)
|
Batting: RHB J.J. Basil
|
0-0: Ground out 5-3 (Groundball, 56, EV 84.4 MPH)
|
Batting: LHB Dave Carlisle
|
0-0: Called Strike 0-1: Called Strike 0-2: Strikes out swinging
|
Top of the 9th over - 0 runs, 0 hits, 0 errors, 0 left on base; Detroit (WIN) 3 - Kansas City (WIN) 0 |
BOTTOM OF THE 9TH |
Kansas City (WIN) Royals batting - Pitching for Detroit (WIN) Tigers : RHP Chris Haselhorst
|
Batting: SHB Ryoji Hiraoka
|
0-0: Called Strike 0-1: Ball 1-1: Called Strike 1-2: Strikes out swinging
|
Batting: RHB Matt Belgard
|
0-0: Foul Ball, location: 2F 0-1: Ball 1-1: Fly out, F6 (Popup, 6MD, EV 54.4 MPH)
|
Batting: LHB Pete Hansel
|
0-0: Ball 1-0: Ball 2-0: Called Strike 2-1: Ball 3-1: Base on Balls
|
Batting: LHB Robby Diaz
|
0-0: Called Strike 0-1: Called Strike 0-2: Foul Ball, location: 2F 0-2: Ball 1-2: Strikes out swinging
|
Bottom of the 9th over - 0 runs, 0 hits, 0 errors, 1 left on base; Detroit (WIN) 3 - Kansas City (WIN) 0 |
|